 Dungeon Crawl Stone Soup version 0.20-a0-1074-g6a0a8e1 (webtiles) character file.

77 Voxish the Skirmisher (level 4, -3/37 HPs)
             Began as a Mummy Monk on Apr 30, 2017.
             Slain by a worker ant (7 damage)
             ... while paralysed by Grinder
             ... on level 4 of the Dungeon.
             The game lasted 00:05:32 (2526 turns).

Voxish the Skirmisher (Mummy Monk)                  Turns: 2526, Time: 00:05:33

Health: -3/37      AC:  7    Str: 15    XL:     4   Next: 13%
Magic:  4/4        EV:  2    Int:  9    God:
Gold:   62         SH:  0    Dex: 14    Spells: 3/3 levels left

rFire    x . .     SeeInvis .   a - +1 hand axe
rCold    + . .     Gourm    .   (no shield)
rNeg     + + +     Faith    .   f - +0 ring mail
rPois    ∞         Spirit   .   (no helmet)
rElec    .         Reflect  .   c - +1 cloak
rCorr    .         Harm     .   (no gloves)
MR       .....                  (no boots)
Stlth    +.........             (no amulet)
Regen    0.2/turn               h - +1 ring of evasion
MPRegen  0.1/turn               j - ring of positive energy

@: paralysed
A: no food or potions, fire vulnerability, cold resistance 1, negative energy
resistance 3, torment resistance, unbreathing
a: no special abilities


You were on level 4 of the Dungeon.
You were not hungry.

You visited 1 branch of the dungeon, and saw 4 of its levels.

You collected 62 gold pieces.

Inventory:

Hand Weapons
 a - a +1 hand axe (weapon)
Armour
 b - a +0 robe
 c - a +1 cloak (worn)
 f - a +0 ring mail (worn)
Jewellery
 h - a +1 ring of evasion (left hand)
 j - a ring of positive energy (right hand)
Scrolls
 e - a scroll of remove curse
 g - a scroll of random uselessness
 i - a scroll of magic mapping


   Skills:
 + Level 3.9 Fighting
 + Level 3.5 Axes
 - Level 2.4 Dodging
 - Level 1.5 Stealth


You had 3 spell levels left.
You didn't know any spells.

Dungeon Overview and Level Annotations

Branches:
Dungeon (4/15)
 Temple: D:4-7

Altars:

Annotations:
D:4 Grinder


Innate Abilities, Weirdness & Mutations

You do not eat or drink.
Your flesh is vulnerable to fire.
You are immune to poison.
Your flesh is cold resistant. (rC+)
You are immune to negative energy. (rN+++)
You are immune to unholy pain and torment.
You can survive without breathing.


Message History

* * * LOW HITPOINT WARNING * * *
Grinder completely misses you.
Unknown command.
Unknown command.
You hit the worker ant.
The worker ant is heavily wounded.
You hit Grinder but do no damage.
The worker ant bites you but does no damage.
Grinder misses you.
The worker ant bites you but does no damage.
Unknown command.
You hit the worker ant but do no damage.
The worker ant is heavily wounded.
You closely miss Grinder. Grinder gestures at you.
You suddenly lose the ability to move!
The worker ant barely misses you. Grinder hits you.
* * * LOW HITPOINT WARNING * * *
The worker ant bites you!
You die...

#.# #.#... # #.# #.#...
.. ######.# #.##.# #.
...##.# #.##.# .
..#####.##.####.##.#.#
..........!!.....#.#.#.#
#.####.##..............
#a##########.#.#.. #@#
#.# #..?.5.# #.#
######## #.# #.# #<#
.....)..# #########


You could see Grinder and a worker ant.

Vanquished Creatures
  4 adders
  A worm (D:2)
  2 dart slugs (D:2)
  5 leopard geckos
  An orc (D:3)
  A giant cockroach (D:2)
  A hobgoblin (D:1)
  A quokka (D:2)
  2 bats (D:3)
  3 frilled lizards
  4 goblins
  3 kobolds (D:1)
  4 rats
32 creatures vanquished.

Notes
Turn   | Place    | Note
-------+----------+-------------------------------------------
     0 | D:1      | Voxish the Mummy Monk began the quest for the Orb.
     0 | D:1      | Reached XP level 1. HP: 18/18 MP: 1/1
   344 | D:1      | Reached XP level 2. HP: 24/24 MP: 2/2
   949 | D:1      | Noticed an ogre
  1641 | D:2      | Reached XP level 3. HP: 4/29 MP: 3/3
  2447 | D:3      | Reached XP level 4. HP: 37/37 MP: 4/4
  2477 | D:3      | Noticed Grinder
  2481 | D:3      | Paralysed by Grinder for 2 turns
  2518 | D:4      | Paralysed by Grinder for 5 turns
  2525 | D:4      | Paralysed by Grinder for 3 turns
  2526 | D:4      | Slain by a worker ant

Vault maps used:
D:1:      eino_arrival_tree_alley
D:3:      elyvilon_altar_4, lightli_sewer_entry_pipes, uniq_grinder,
          uniq_jessica
D:4:      first_bread

Skill      XL: |  1  2 |
---------------+-------+-----
Axes           | 3 |  3.5
Fighting       | |  3.9
Dodging        | |  2.4
Stealth        | |  1.5

Action                   |  1- 3 |  4- 6 || total
-------------------------+-------+-------++-------
Melee: Hand axe          |   145 |    17 ||   162
  Use: Scroll            |       |     5 ||     5
 Stab: Sleeping          |     6 |       ||     6
Armor: Robe              |     6 |       ||     6
       Ring mail         |    46 |    12 ||    58
Dodge: Dodged            |    91 |    20 ||   111
